 Dungeon Crawl Stone Soup version 0.31-a0-788-ga445dbd2db (webtiles) character file.

Game seed: 14888965746787743091

207 Conn the Sneak (level 5, -5/31 HPs)
             Began as an Octopode Fire Elementalist on Sept 18, 2023.
             Killed by nerve-wracking pain
             ... invoked by an orc priest
              (11 damage)
             ... on level 3 of the Dungeon.
             The game lasted 00:07:15 (3522 turns).

Conn the Sneak (Octopode Fire Elementalist)         Turns: 3522, Time: 00:07:23

Health: -5/31      AC:  1    Str: 15    XL:     5   Next: 85%
Magic:  8/9        EV: 13    Int: 19    God:
Gold:   216        SH:  0    Dex: 12    Spells: 0/10 levels left

rFire   . . .        b - +0 dagger
rCold   . . .        (no shield)
rNeg    . . .        (helmet restricted)
rPois   .            (no amulet)
rElec   .            m - ring "Loconapria" {*Slow rCorr Str+7}
rCorr   +            (no ring)
SInv    .            (no ring)
Will    .....        (no ring)
Stlth   ++           (no ring)
HPRegen 0.25/turn    (no ring)
MPRegen 0.11/turn    (no ring)
                     (no ring)

%: slow self (1%)
@: confused, ambrosia-drunk, very slightly contaminated
A: almost no armour, amphibious, 8 rings, camouflage 1, gelatinous body 1,
(nimble swimmer 1), tentacles
a: no special abilities


You were on level 3 of the Dungeon.
You visited 1 branch of the dungeon, and saw 4 of its levels.

You collected 216 gold pieces.

Inventory:

Hand Weapons
 b - a +0 dagger (weapon)
Missiles
 q - a throwing net
Jewellery
 l - a +4 ring of protection
 m - the ring "Loconapria" (left tentacle) {*Slow rCorr Str+7}
   (You acquired it on level 2 of the Dungeon)

   [ring of resist corrosion]

   Str+7:     It affects your strength (+7).
   rCorr:     It protects you from acid and corrosion.
   *Slow:     It may slow you when you take damage.
Scrolls
 h - a scroll of teleportation
 i - a scroll of enchant armour
 k - a scroll of torment
 o - a scroll of amnesia
 p - a scroll of immolation {unknown}
Potions
 a - a potion of magic
 c - a potion of might
 d - 2 potions of enlightenment
 e - a potion of brilliance {unknown}
 f - 2 potions of cancellation
 g - 2 potions of resistance
 j - a potion of attraction
 n - a potion of ambrosia


   Skills:
 + Level 2.9 Dodging
 + Level 4.1 Stealth
 * Level 3.2 Spellcasting
 * Level 2.7 Conjurations
 + Level 3.7 Fire Magic


You couldn't memorise any spells.
You knew the following spells:

 Your Spells              Type           Power      Damage    Failure   Level
a - Foxfire               Conj/Fire      60%        2x1d7     4%          1
b - Scorch                Fire           34%        2d6       4%          2
c - Inner Flame           Hex/Fire       10%        N/A       21%         3
d - Flame Wave            Conj/Fire      15%        2d7       36%         4

Your spell library contained the following spells:

 Spells                   Type           Power      Damage    Failure   Level
 Volatile Blastmotes      Fire/Tloc      20%        2d11      21%         3
 Ignite Poison            Fire/Tmut/Pois 7%         N/A       26%         3
 Sticky Flame             Conj/Fire      15%        2d4       36%         4
 Ignition                 Fire           8%         3d5       100%        8


Dungeon Overview and Level Annotations

Branches:
Dungeon (4/15)
 Temple: D:4-7

Altars:


Innate Abilities, Weirdness & Mutations

You cannot wear most types of armour.
You are amphibious.
You can wear up to eight rings at the same time.
Your skin changes colour to match your surroundings (Stealth+).
Your rubbery body absorbs attacks. (AC +1, EV +1)
((You are camouflaged when in or above water. (Stealth+)))
You have tentacles for arms and can constrict up to eight enemies at once.


Message History

The orc priest invokes the aid of Beogh against you.
Beogh smites you!
Unknown command.
Casting: Scorch (safe; 4% risk of failure)
Confirm with . or Enter, or press ? or * to list all spells.
You miscast Scorch.
You are very lightly contaminated with residual magic.
Nothing appears to happen.
The endoplasm jiggles.
Unknown command.
Unknown command.
Casting: Scorch (safe; 4% risk of failure)
Confirm with . or Enter, or press ? or * to list all spells.
Flames lash the endoplasm.
The endoplasm is almost dead.
The endoplasm's fire resistance burns away.
A hound comes into view.
Unknown command.
The endoplasm freezes you.
You are frozen.
You climb upwards.
There is a stone staircase leading down here.
Unknown command.
You hit the orc priest. You grab the orc priest.
The orc priest is moderately wounded.
You constrict the orc priest. The endoplasm hits you.
The orc priest hits you with a +0 flail!
* * * LOW HITPOINT WARNING * * *
Casting: Scorch (safe; 4% risk of failure)
Confirm with . or Enter, or press ? or * to list all spells.
Okay, then.
Unknown command.
You are confused.
You feel invigorated.
You constrict the orc priest. The endoplasm freezes you.
You are frozen.
* * * LOW HITPOINT WARNING * * *
The orc priest calls down the wrath of Beogh upon you.
Pain shoots through your body!
You die...

#.......# #....#........#
#.......# ####...#......###
#.......# ###..........#
#.......# ###....###..
#.......## ###...###.
####.#...### #.#)# #.
#.###..># #.#># ## #.# ###o##
#.#.#### ##.### #@.##
#.#..... #....####J.#
#.####.. ####..####.## #.#
##.. ########.......## #.#
#... #..)<..#######..# #.#
#.#. #[.>...# #.#
#<.#####.###.## #......#
#.###....##......##
#....รท.###.....#......###.##
#.......##.###...###..###.#.


You could see an orc priest and an endoplasm (combustible).

Vanquished Creatures
  2 orc wizards (D:3)
  Robin (D:2)
  A gnoll (D:3)
  4 adders
  A worm (D:2)
  4 dart slugs
  10 orcs
  2 bats (D:2)
  4 endoplasms
  3 giant cockroaches
  16 goblins
  8 hobgoblins
  6 kobolds (D:1)
  5 quokkas
  5 ball pythons
  2 frilled lizards (D:2)
  3 rats
77 creatures vanquished.

Vanquished Creatures (others)
  198 foxfires
198 creatures vanquished.

Grand Total: 275 creatures vanquished

Notes
Turn   | Place    | Note
-------+----------+-------------------------------------------
     0 | D:1      | Conn the Octopode Fire Elementalist began the quest for the
                  | Orb.
     0 | D:1      | Reached XP level 1. HP: 11/11 MP: 3/3
   136 | D:1      | Reached XP level 2. HP: 13/17 MP: 0/5
   154 | D:1      | Reached skill level 3 in Stealth
   481 | D:1      | Reached XP level 3. HP: 21/21 MP: 2/6
   484 | D:1      | Learned a level 2 spell: Scorch
   488 | D:1      | Learned a level 3 spell: Inner Flame
  1425 | D:2      | You fall into a shaft and drop 1 floor!
  1467 | D:2      | Reached XP level 4. HP: 27/27 MP: 2/7
  2273 | D:2      | Noticed Robin
  2285 | D:2      | Killed Robin
  2425 | D:2      | Identified a scroll of acquirement
  2431 | D:2      | Acquired the ring "Loconapria" {*Slow rCorr Str+7}
  2499 | D:3      | Reached XP level 5. HP: 31/31 MP: 0/9
  2818 | D:3      | Reached skill level 4 in Stealth
  3055 | D:3      | Learned a level 4 spell: Flame Wave
  3522 | D:3      | Killed from afar by an orc priest

Illustrated notes

Levels and vault maps discovered:
D:1:      dpeg_arrival_rooms_c, layout_basic
D:2:      layout_basic, uniq_robin
D:3:      layout_rooms
D:4:      layout_loops_ring, portal_sewer_entry_b, uniq_blork_the_orc

Skill      XL: |  1  2  3  4  5 |
---------------+----------------+-----
Stealth        | 3 4 |  4.1
Conjurations   | 2 |  2.7
Spellcasting   | 3 |  3.2
Dodging        | |  2.9
Fire Magic     | |  3.7

Action                     |  1- 3 |  4- 6 || total
---------------------------+-------+-------++-------
  Melee: Dagger            |    16 |    38 ||    54
         Constrict         |     4 |    10 ||    14
         Tentacles         |     4 |     9 ||    13
         Punch             |     1 |       ||     1
   Cast: Foxfire           |    54 |    58 ||   112
         Scorch            |       |    11 ||    11
         Inner Flame       |       |     2 ||     2
    Use: Scroll            |       |    12 ||    12
         Potion            |       |     1 ||     1
   Stab: Sleeping          |     4 |     2 ||     6
 Armour: Skin              |     6 |    24 ||    30
  Dodge: Dodged            |     8 |    24 ||    32

Table legend: (Time is in decaauts)
 A = Elapsed time spent in this place.
 B = Non-inter-level travel time spent in this place.
 C = Inter-level travel time spent in this place.
 D = Time resting spent in this place.
 E = Time spent auto-exploring this place.
 F = Levels seen in this place.
 G = Mean time per level.
                   A        B        C        D        E       F      G
               +--------+--------+--------+--------+--------+-----+--------+
         Total |   3522 |   3458 |     64 |    292 |   2328 |   4 |  880.5 |
       Dungeon |   3522 |   3458 |     64 |    292 |   2328 |   4 |  880.5 |
               +--------+--------+--------+--------+--------+-----+--------+

Top non-repeatable levels by time:
     D:1: 1303 daAuts
     D:2: 1226 daAuts
     D:3: 983 daAuts
     D:4: 8 daAuts
